[ AOE2 MATCH · #506280378 ]
UnrankedSicilians vs Italians
Player's team · WIN
Rival team · LOSS
[ REPLAY ANALYSIS · EXTRACTED FROM THE RECORDED GAME ]
Feudal
9:19
Castle
19:41
Imperial
33:34
| APM avg | 48.6 |
| APM peak | 72 |
| eAPM avg | 26.0 |
| Villagers / military | 159 / 54 |
Focus
⚔️ 28.7% · 🌾 71.3%
Knight ×19 · Scout Cavalry ×15 · Scorpion ×6 · Serjeant ×4 · Trebuchet (Packed) ×3 · Archer ×2
Feudal
10:56
Castle
20:03
Imperial
34:24
| APM avg | 72.8 |
| APM peak | 141 |
| eAPM avg | 28.7 |
| Villagers / military | 141 / 79 |
Focus
⚔️ 26.8% · 🌾 73.2%
Archer ×27 · Hand Cannoneer ×25 · Knight ×7 · Genoese Crossbowman ×6 · Skirmisher ×5 · Militia ×3
Match map
Initial resources + every placement click. Lines = walls · curves = elevation contours. ◆ gold · ⬟ stone · ● berries · ✦ relic · ◌ wall gap
Your base· ✓ Closed at 19:41 · 38t walls · 1 gate(s)
Gil-galad's base· ✓ Closed at 20:03 · 41t walls · 1 gate(s)
Smoothed initial terrain · ◌ = detected wall gap · hover for details
Inputs per minute
— Chimirindo - - Gil-galad
Build order — Chimirindo
First 150 of 420 actions detected
| 0:00 | Create | Villager (Male) |
| 0:00 | Create | Villager (Male) |
| 0:01 | Create | Villager (Male) |
| 0:02 | Build | House |
| 0:02 | Build | House |
| 0:08 | Create | Villager (Male) |
| 1:24 | Create | Villager (Male) |
| 2:00 | Create | Villager (Male) |
| 2:03 | Build | Mill |
| 2:32 | Create | Villager (Male) |
| 2:53 | Create | Villager (Male) |
| 3:17 | Create | Villager (Male) |
| 3:18 | Create | Villager (Male) |
| 3:18 | Create | Villager (Male) |
| 3:54 | Build | House |
| 3:54 | Build | House |
| 4:06 | Create | Villager (Male) |
| 4:06 | Create | Villager (Male) |
| 4:15 | Create | Villager (Male) |
| 4:49 | Create | Villager (Male) |
| 5:01 | Create | Villager (Male) |
| 5:40 | Build | Lumber Camp |
| 5:49 | Create | Villager (Male) |
| 6:16 | Create | Villager (Male) |
| 6:23 | Research | Loom |
| 7:05 | Research | Feudal Age |
| 7:29 | Create | Villager (Male) |
| 7:52 | Create | Villager (Male) |
| 8:20 | Build | Barracks |
| 8:28 | Create | Villager (Male) |
| 9:19 | Age | Feudal Age |
| 9:29 | Build | Archery Range |
| 9:38 | Create | Villager (Male) |
| 9:48 | Research | Double-Bit Axe |
| 10:12 | Build | Palisade Wall |
| 10:13 | Build | Palisade Wall |
| 10:14 | Build | Palisade Wall |
| 10:25 | Build | Mill |
| 10:33 | Create | Archer |
| 10:45 | Build | Mining Camp |
| 10:53 | Create | Villager (Male) |
| 10:57 | Build | House |
| 11:00 | Build | Palisade Wall |
| 11:11 | Create | Villager (Male) |
| 11:20 | Create | Skirmisher |
| 11:32 | Research | Town Watch |
| 11:32 | Create | Villager (Male) |
| 11:49 | Create | Villager (Male) |
| 11:51 | Build | Blacksmith |
| 11:53 | Build | Palisade Wall |
| 11:55 | Create | Villager (Male) |
| 11:57 | Build | Farm |
| 12:00 | Create | Villager (Male) |
| 12:24 | Build | Farm |
| 12:26 | Build | Farm |
| 12:34 | Build | Palisade Wall |
| 12:36 | Build | Palisade Wall |
| 12:38 | Build | Palisade Wall |
| 12:50 | Build | House |
| 12:59 | Build | Farm |
| 13:20 | Build | Farm |
| 13:29 | Build | Palisade Wall |
| 13:42 | Create | Villager (Male) |
| 13:54 | Build | Farm |
| 13:56 | Build | Farm |
| 13:58 | Create | Villager (Male) |
| 14:09 | Build | Farm |
| 14:18 | Build | Palisade Gate |
| 14:21 | Create | Villager (Male) |
| 14:42 | Build | Farm |
| 14:45 | Build | Palisade Wall |
| 14:46 | Build | Palisade Wall |
| 14:49 | Build | Palisade Wall |
| 14:51 | Build | Palisade Wall |
| 15:07 | Create | Villager (Male) |
| 15:10 | Build | Farm |
| 15:12 | Build | Farm |
| 15:21 | Create | Villager (Male) |
| 15:23 | Build | House |
| 15:27 | Build | House |
| 15:49 | Build | Lumber Camp |
| 15:52 | Build | House |
| 16:09 | Create | Villager (Male) |
| 16:33 | Create | Villager (Male) |
| 16:51 | Build | Farm |
| 16:59 | Research | Castle Age |
| 17:17 | Build | House |
| 17:23 | Research | Horse Collar |
| 17:55 | Build | Farm |
| 18:06 | Build | Blacksmith |
| 18:27 | Build | House |
| 19:15 | Create | Villager (Male) |
| 19:30 | Research | Stone Mining |
| 19:41 | Age | Castle Age |
| 19:43 | Build | Town Center |
| 19:49 | Create | Skirmisher |
| 19:53 | Build | Town Center |
| 20:00 | Build | Archery Range |
| 20:03 | Create | Villager (Male) |
| 20:06 | Research | Fletching |
| 20:14 | Build | Siege Workshop |
| 20:14 | Create | Villager (Male) |
| 20:17 | Create | Villager (Male) |
| 20:19 | Build | House |
| 20:21 | Build | House |
| 20:22 | Create | Villager (Male) |
| 20:36 | Create | Villager (Male) |
| 20:48 | Create | Scorpion |
| 20:49 | Create | Villager (Male) |
| 20:49 | Create | Villager (Male) |
| 20:59 | Create | Archer |
| 21:00 | Create | Villager (Male) |
| 21:07 | Build | Farm |
| 21:10 | Research | Bow Saw |
| 21:10 | Research | Bow Saw |
| 21:15 | Create | Villager (Male) |
| 21:29 | Build | Stone Wall |
| 21:36 | Build | Gate |
| 21:42 | Create | Villager (Male) |
| 22:03 | Create | Scorpion |
| 22:04 | Create | Villager (Male) |
| 22:04 | Create | Villager (Male) |
| 22:13 | Build | Farm |
| 22:14 | Create | Villager (Male) |
| 22:17 | Build | Mining Camp |
| 22:17 | Create | Villager (Male) |
| 22:24 | Create | Villager (Male) |
| 22:34 | Create | Villager (Male) |
| 22:36 | Research | Wheelbarrow |
| 22:42 | Build | Farm |
| 22:42 | Build | Farm |
| 22:42 | Build | Farm |
| 22:42 | Build | Farm |
| 22:47 | Create | Mangonel |
| 22:48 | Create | Villager (Male) |
| 23:03 | Build | Donjon |
| 23:04 | Create | Villager (Male) |
| 23:12 | Build | Mill |
| 23:15 | Build | Farm |
| 23:15 | Build | Farm |
| 23:16 | Build | Farm |
| 23:16 | Build | Farm |
| 23:19 | Create | Villager (Male) |
| 23:25 | Build | House |
| 23:32 | Create | Villager (Male) |
| 23:39 | Build | Farm |
| 23:39 | Build | Farm |
| 23:39 | Build | Farm |
| 23:39 | Build | Farm |
| 23:40 | Build | Farm |
Build order — Gil-galad
First 150 of 337 actions detected
| 0:00 | Create | Villager (Male) |
| 0:00 | Create | Villager (Male) |
| 0:00 | Create | Villager (Male) |
| 0:01 | Build | House |
| 0:02 | Build | House |
| 0:09 | Create | Villager (Male) |
| 0:10 | Create | Villager (Male) |
| 1:24 | Create | Villager (Male) |
| 1:53 | Build | Lumber Camp |
| 1:57 | Create | Villager (Male) |
| 2:22 | Create | Villager (Male) |
| 2:53 | Create | Villager (Male) |
| 2:53 | Create | Villager (Male) |
| 3:14 | Create | Villager (Male) |
| 3:26 | Build | House |
| 3:45 | Create | Villager (Male) |
| 3:45 | Create | Villager (Male) |
| 4:11 | Create | Villager (Male) |
| 4:13 | Build | Barracks |
| 4:24 | Create | Villager (Male) |
| 4:41 | Build | House |
| 4:54 | Create | Villager (Male) |
| 5:05 | Create | Militia |
| 5:21 | Create | Villager (Male) |
| 5:30 | Create | Militia |
| 5:45 | Create | Villager (Male) |
| 5:58 | Build | Mill |
| 6:15 | Create | Villager (Male) |
| 6:26 | Create | Militia |
| 6:47 | Build | House |
| 6:48 | Create | Villager (Male) |
| 6:49 | Create | Villager (Male) |
| 7:22 | Create | Villager (Male) |
| 7:24 | Build | Mill |
| 7:56 | Create | Villager (Male) |
| 8:16 | Research | Loom |
| 8:30 | Build | Palisade Wall |
| 8:39 | Research | Feudal Age |
| 8:55 | Build | Lumber Camp |
| 8:58 | Build | Palisade Wall |
| 9:16 | Build | Palisade Wall |
| 9:20 | Build | Palisade Gate |
| 9:24 | Create | Villager (Male) |
| 9:32 | Build | Palisade Wall |
| 9:50 | Build | Palisade Wall |
| 9:57 | Build | Palisade Wall |
| 10:21 | Create | Villager (Male) |
| 10:28 | Build | Palisade Wall |
| 10:56 | Age | Feudal Age |
| 11:03 | Research | Horse Collar |
| 11:04 | Research | Double-Bit Axe |
| 11:04 | Create | Villager (Male) |
| 11:06 | Build | Farm |
| 11:26 | Create | Villager (Male) |
| 11:44 | Build | Archery Range |
| 11:53 | Build | House |
| 11:57 | Create | Villager (Male) |
| 11:59 | Build | Farm |
| 12:21 | Build | Mining Camp |
| 12:24 | Build | Farm |
| 12:32 | Create | Skirmisher |
| 12:35 | Create | Villager (Male) |
| 12:40 | Build | Farm |
| 12:47 | Build | Farm |
| 12:48 | Create | Villager (Male) |
| 12:58 | Create | Skirmisher |
| 13:11 | Build | Farm |
| 13:13 | Build | Farm |
| 13:25 | Build | House |
| 13:27 | Create | Villager (Male) |
| 13:28 | Create | Skirmisher |
| 13:42 | Build | Farm |
| 13:43 | Build | Farm |
| 13:53 | Create | Skirmisher |
| 13:59 | Build | Farm |
| 14:00 | Create | Villager (Male) |
| 14:02 | Build | Palisade Wall |
| 14:17 | Build | Farm |
| 14:17 | Create | Villager (Male) |
| 14:22 | Build | Farm |
| 14:22 | Create | Skirmisher |
| 14:52 | Build | Blacksmith |
| 14:58 | Create | Villager (Male) |
| 15:04 | Build | House |
| 15:18 | Create | Villager (Male) |
| 15:20 | Build | Farm |
| 15:51 | Build | Market |
| 15:55 | Create | Villager (Male) |
| 16:22 | Create | Villager (Male) |
| 16:30 | Build | Archery Range |
| 16:41 | Create | Archer |
| 16:49 | Create | Villager (Male) |
| 16:53 | Build | Palisade Wall |
| 17:00 | Build | House |
| 17:23 | Research | Castle Age |
| 17:23 | Research | Castle Age |
| 17:24 | Create | Archer |
| 17:42 | Research | Gold Mining |
| 17:47 | Create | Archer |
| 17:50 | Build | House |
| 18:00 | Research | Fletching |
| 18:10 | Create | Archer |
| 18:10 | Create | Archer |
| 18:14 | Create | Villager (Male) |
| 18:24 | Create | Archer |
| 18:42 | Build | Stable |
| 18:46 | Create | Archer |
| 19:02 | Create | Archer |
| 19:22 | Create | Archer |
| 19:27 | Create | Villager (Male) |
| 20:03 | Age | Castle Age |
| 20:15 | Research | Bodkin Arrow |
| 20:23 | Research | Crossbowman (upgrade) |
| 20:25 | Research | Bow Saw |
| 20:27 | Create | Knight |
| 20:34 | Build | Town Center |
| 20:36 | Create | Villager (Male) |
| 20:54 | Create | Archer |
| 20:54 | Create | Archer |
| 20:55 | Create | Villager (Male) |
| 21:09 | Create | Villager (Male) |
| 21:26 | Build | University |
| 21:29 | Build | House |
| 22:10 | Create | Villager (Male) |
| 22:23 | Create | Villager (Male) |
| 22:23 | Create | Archer |
| 22:23 | Create | Archer |
| 22:25 | Create | Villager (Male) |
| 22:37 | Research | Scale Barding Armor |
| 22:39 | Research | Bloodlines |
| 22:42 | Create | Archer |
| 22:42 | Create | Archer |
| 22:46 | Research | Ballistics |
| 22:46 | Research | Ballistics |
| 22:47 | Create | Villager (Male) |
| 22:53 | Build | Palisade Wall |
| 22:56 | Create | Villager (Male) |
| 23:04 | Create | Villager (Male) |
| 23:12 | Build | Monastery |
| 23:15 | Create | Villager (Male) |
| 23:24 | Create | Knight |
| 23:25 | Create | Archer |
| 23:29 | Create | Villager (Male) |
| 23:33 | Create | Archer |
| 23:33 | Create | Archer |
| 23:46 | Build | Farm |
| 23:47 | Create | Villager (Male) |
| 23:48 | Create | Villager (Male) |
| 23:54 | Create | Archer |
| 23:59 | Build | House |
Match timeline
| 4:13 | Gil-galad · first_building Barracks |
| 8:20 | Chimirindo · first_building Barracks |
| 8:30 | Gil-galad · wall_segment Palisade Wall x5 |
| 8:58 | Gil-galad · wall_segment Palisade Wall x2 |
| 9:16 | Gil-galad · wall_segment Palisade Wall x3 |
| 9:19 | Chimirindo · age_up feudal |
| 9:29 | Chimirindo · first_building Archery Range |
| 9:32 | Gil-galad · wall_segment Palisade Wall x5 |
| 9:50 | Gil-galad · wall_segment Palisade Wall x3 |
| 9:57 | Gil-galad · wall_segment Palisade Wall x8 |
| 10:12 | Chimirindo · wall_segment Palisade Wall x1 |
| 10:13 | Chimirindo · wall_segment Palisade Wall x1 |
| 10:14 | Chimirindo · wall_segment Palisade Wall x1 |
| 10:28 | Gil-galad · wall_segment Palisade Wall x13 |
| 10:56 | Gil-galad · age_up feudal |
| 11:00 | Chimirindo · wall_segment Palisade Wall x3 |
| 11:44 | Gil-galad · first_building Archery Range |
| 11:53 | Chimirindo · wall_segment Palisade Wall x7 |
| 12:34 | Chimirindo · wall_segment Palisade Wall x1 |
| 12:36 | Chimirindo · wall_segment Palisade Wall x6 |
| 12:38 | Chimirindo · wall_segment Palisade Wall x9 |
| 13:29 | Chimirindo · wall_segment Palisade Wall x6 |
| 14:02 | Gil-galad · wall_segment Palisade Wall x1 |
| 14:45 | Chimirindo · wall_segment Palisade Wall x1 |
| 14:46 | Chimirindo · wall_segment Palisade Wall x1 |
| 14:49 | Chimirindo · wall_segment Palisade Wall x1 |
| 14:51 | Chimirindo · wall_segment Palisade Wall x1 |
| 16:53 | Gil-galad · wall_segment Palisade Wall x1 |
| 17:22 | Gil-galad · first_market_sell 100 wood |
| 17:23 | Gil-galad · first_market_buy 100 food |
| 18:42 | Gil-galad · first_building Stable |
| 19:41 | Chimirindo · age_up castle |
| 20:03 | Gil-galad · age_up castle |
| 20:14 | Chimirindo · first_building Siege Workshop |
| 21:29 | Chimirindo · wall_segment Stone Wall x1 |
| 22:53 | Gil-galad · wall_segment Palisade Wall x1 |
| 23:03 | Chimirindo · first_building Donjon |
| 23:12 | Gil-galad · first_building Monastery |
| 29:43 | Chimirindo · first_market_buy 100 stone |
| 29:47 | Chimirindo · first_building Castle |
| 30:19 | Chimirindo · first_market_sell 500 wood |
| 30:31 | Chimirindo · first_building Monastery |
| 30:39 | Gil-galad · first_building Castle |
| 32:57 | Chimirindo · first_building Stable |
| 33:34 | Chimirindo · age_up imperial |
| 34:24 | Gil-galad · age_up imperial |
| 35:56 | Gil-galad · first_building Siege Workshop |
| 39:33 | Gil-galad · resign |
[ AI ANALYSIS · 1 CREDIT ]
What really happened in this match?
Wolo.gg analyzes every decision: build order, eco, micro, common mistakes by bracket. Personalized analysis on WhatsApp or Discord in 30 seconds.
Civ guide
Sicilians
Perfil
Jugador #5601064